 Dungeon Crawl Stone Soup version 0.29-a0-299-g4c793a2ed2 (webtiles) character file.

Game seed: 5589200700042209054

7933 Gwenloh the Schismatic (level 11, -5/96 HPs)
             Began as a Palentonga Abyssal Knight on Mar 25, 2022.
             Was an Elder of Lugonu.
             Killed from afar by a tengu conjurer (26 damage)
             ... with a bolt of lightning
             ... on level 9 of the Dungeon.
             The game lasted 00:32:43 (10655 turns).

Gwenloh the Schismatic (Palentonga Abyssal Knight) Turns: 10655, Time: 00:32:44

Health: -5/96      AC: 20    Str: 19    XL:     11   Next: 3%
Magic:  18/18      EV: 11    Int: 10    God:    Lugonu [****..]
Gold:   450        SH:  0    Dex: 35    Spells: 10/10 levels left

rFire   x . .      SeeInvis +   a - +9 flail of Pride {holy, +Blink rF- Str+4 Dex+7}
rCold   . . .      Faith    .   (no shield)
rNeg    + . .      Spirit   .   x - +0 swamp dragon scales
rPois   +          Reflect  .   u - +0 helmet
rElec   .          Harm     .   C - +2 ratskin cloak {*Rats rPois rN+ Str-1 Int-1 Dex+1}
rCorr   .          Rampage  .   d - +0 pair of gloves
Will    .....                   (no barding)
Stlth   ++........              (no amulet)
HPRegen 0.26/turn               j - +6 ring of dexterity
MPRegen 0.16/turn               y - +6 ring of dexterity

@: curled up
A: large, rugged brown scales 3, see invisible, deformed body, roll 1, armoured
tail, reflexive curl
a: Rolling Charge, Renounce Religion, Evoke Blink, Depart the Abyss, Bend Space,
Banish, Corrupt


You were on level 9 of the Dungeon.
You worshipped Lugonu.
Lugonu was greatly pleased with you.
You visited 1 branch of the dungeon, and saw 9 of its levels.
You visited the Abyss 1 time.

You collected 618 gold pieces.
You spent 168 gold pieces at shops.

Inventory:

Hand Weapons
 a - the +9 flail of Pride (weapon) {holy, +Blink rF- Str+4 Dex+7}
   (You found it on level 5 of the Dungeon)

   It has been blessed by the Shining One to cause great damage to the undead
   and demons.
   Str:       It affects your strength (+4).
   Dex:       It affects your dexterity (+7).
   rF:        It makes you vulnerable to fire.
   +Blink:    It lets you blink.
 b - the +5 hunting sling "Vuguhafo" {vorpal, rElec rN+++ Dex-2 SInv}
   (You found it on level 4 of the Dungeon)

   Any ammunition fired from it inflicts extra damage upon your enemies.
   Dex:       It affects your dexterity (-2).
   rElec:     It insulates you from electricity.
   rN:        It renders you almost immune to negative energy.
   SInv:      It lets you see invisible.
 F - a +1 war axe of venom
 N - a +3 battleaxe
 O - a +3 morningstar
Missiles
 c - 23 poisoned darts
 f - 228 stones
Armour
 d - a +0 pair of gloves (worn)
 g - a +0 ring mail
 u - a +0 helmet (worn)
 x - +0 swamp dragon scales (worn)
 B - a +0 leather armour
 C - the +2 ratskin cloak (worn) {*Rats rPois rN+ Str-1 Int-1 Dex+1}
   (You found it on level 4 of the Dungeon)

   When the wearer is hurt, rats may emerge from it to assist them.
   Str:       It affects your strength (-1).
   Int:       It affects your intelligence (-1).
   Dex:       It affects your dexterity (+1).
   rPois:     It protects you from poison.
   rN:        It protects you from negative energy.
Jewellery
 j - a +6 ring of dexterity (left hand)
 k - a ring of flight
 m - a ring of poison resistance
 y - a +6 ring of dexterity (right hand)
 J - a +6 ring of strength
 L - a ring of protection from cold
Wands
 G - a wand of paralysis (13)
Scrolls
 i - 7 scrolls of teleportation
 l - a scroll of enchant armour
 o - 3 scrolls of vulnerability
 p - 2 scrolls of magic mapping
 v - a scroll of blinking
 A - a scroll of holy word
 D - a scroll of torment
 H - 2 scrolls of enchant weapon
 K - a scroll of brand weapon {unknown}
 M - a scroll of fog
 P - 2 scrolls of identify
Potions
 e - a potion of invisibility {unknown}
 h - a potion of brilliance {unknown}
 n - a potion of flight {unknown}
 q - a potion of magic {unknown}
 r - 3 potions of curing
 s - a potion of mutation {unknown}
 t - a potion of heal wounds
 w - 2 potions of lignification
 z - a potion of cancellation {unknown}
 E - 4 potions of haste
 I - a potion of attraction {unknown}


   Skills:
 + Level 9.9 Fighting
 + Level 9.7 Axes
 + Level 3.3 Armour
 + Level 3.0 Dodging
 + Level 10.5 Invocations


You had 10 spell levels left.
You didn't know any spells.
Your spell library contained the following spells:

 Spells                   Type           Power      Damage    Failure   Level
 Animate Skeleton         Necr           0%         N/A       54%         1
 Magic Dart               Conj           0%         1d3       54%         1
 Pain                     Necr           0%         1d4       54%         1
 Call Imp                 Summ           0%         N/A       67%         2
 Ignite Poison            Fire/Tmut/Pois 0%         N/A       88%         3
 Mephitic Cloud           Conj/Pois/Air  0%         N/A       88%         3
 Tukima's Dance           Hex            0%         N/A       88%         3
 Vampiric Draining        Necr           0%         2d6       88%         3
 Passage of Golubria      Tloc           0%         N/A       99%         4
 Agony                    Necr           0%         N/A       100%        5
 Excruciating Wounds      Necr           0%         N/A       100%        5
 Freezing Cloud           Conj/Ice/Air   0%         6-21      100%        5
 Yara's Violent Unravell  Hex/Tmut       0%         3d3       100%        5


Dungeon Overview and Level Annotations

Branches:
Dungeon (9/15)             Temple (0/1) D:5             Orc (0/2) D:9
   Lair: D:8-11

Altars:
Cheibriados
Vehumet

Shops:
D:5 *?   D:9 [(

Annotations:
D:8 exclusion: statue
D:9 Erolcha


Innate Abilities, Weirdness & Mutations

You are completely covered in rugged brown scales. (AC +3, +7% HP)
You have supernaturally acute eyesight. (SInv)
Armour fits poorly on your strangely shaped body.
You can roll at nearby foes to attack.
You have a long armoured tail.
You curl defensively after being hit. (AC +7*)


Message History

Aim: a kobold brigand, wielding a +0 dagger and quivering poisoned darts (moderately wounded, ally target, haloed) Attack!
Something hits your river rat.
Something closely misses your river rat.
Something claws your river rat but does no damage.
Your hell rat bites the kobold brigand.
The kobold brigand hits your hell rat with a +0 dagger!
Your river rat bites the kobold brigand.
Your hell rat bites the kobold brigand.
The kobold brigand barely misses your hell rat.
Your river rat bites the kobold brigand.
Your hell rat barely misses the kobold brigand.
The kobold brigand hits your river rat with a +0 dagger.
Your hell rat bites the kobold brigand but does no damage.
Your river rat bites the kobold brigand.
The kobold brigand hits your river rat with a +0 dagger.
Your hell rat misses the kobold brigand.
Your river rat bites the kobold brigand.
The kobold brigand dies!
Lugonu accepts your kill. The tengu conjurer hits your hell rat.
The tengu conjurer pecks your hell rat but does no damage.
The tengu conjurer barely misses your hell rat.
Your river rat closely misses the tengu conjurer.
Your hell rat misses the tengu conjurer.
The tengu conjurer hits your hell rat!
Your hell rat dies!
Your river rat misses the tengu conjurer.
The tengu conjurer mumbles some strange words.
The tengu conjurer conjures a globe of magical energy!
Your river rat bites the tengu conjurer!
A battlesphere comes into view.
Your river rat bites the tengu conjurer.
Your river rat returns to the shadows of the Dungeon!
The tengu conjurer gestures at you while chanting.
The bolt of lightning hits you!!
* * * LOW HITPOINT WARNING * * *
Found a rapier.
The tengu conjurer points at you and mumbles some strange words.
The bolt of lightning hits you!!
You die...

.......# #........... ..
.........# #...........
...........####...........
.#'######*Q.....#'######### ...
'..#.....#.....#.........# #..
#..+.....#.....#.........## #r.
#..##....#.....#..........#
#.Q##..##Q*..#.....#..##.....##
#.*..r..†....#..@..#..##.....##
.......##..###.....#####......#
#...)..##..#####...... #......#
#.>.........# #.......#......#
#..##..##...# +....)..#......#
#.. #..##...# #.......#......#
.......###### #.......#......#
.......# #.......#......#
####..# #.......#......#


You could see a tengu conjurer.

Vanquished Creatures
  A centaur warrior (D:8)
  A manticore (D:9)
  A gargoyle (D:8)
  An unseen horror (D:5)
  A troll (D:8)
  Sigmund (D:3)
  A wyvern (D:7)
  A wraith (D:9)
  3 yaks (D:9)
  2 vampire mosquitoes (D:9)
  An acid dragon (D:9)
  Duvessa (D:6)
  3 sky beasts
  Pargi (D:3)
  2 black bears
  3 orc warriors
  5 ogres
  2 centaurs
  2 kobold brigands (D:8)
  A gnoll sergeant (D:5)
  Blork the orc (D:6)
  A bullfrog (D:8)
  A necrophage (D:4)
  6 wights (D:7)
  3 howler monkeys (D:8)
  4 hounds
  An orc priest (D:8)
  A jelly (D:4)
  Terence (D:3)
  2 iguanas
  Robin (D:2)
  5 adders
  6 gnolls (D:5)
  An ufetubus (D:5)
  2 worms (D:2)
  2 dart slugs (D:1)
  15 orcs
  7 ball pythons
  2 bats
  5 endoplasms
  5 giant cockroaches
  8 goblins
  7 hobgoblins
  4 jackals (D:1)
  4 quokkas
  3 frilled lizards (D:2)
  19 kobolds
  8 rats
159 creatures vanquished.

Vanquished Creatures (collateral kills)
  2 hydras (D:9)
  A manticore (D:6)
  An ice beast (D:5)
  A phantom (D:5)
  A kobold brigand (D:9)
  Dowan (D:6)
  A gnoll (D:5)
  A white imp (D:5)
  An orc (D:5)
  A kobold (D:9)
11 creatures vanquished.

Vanquished Creatures (others)
  A yak (D:9)
  A centaur simulacrum (D:9)
  An orc (D:9)
3 creatures vanquished.

Grand Total: 173 creatures vanquished

Notes
Turn   | Place    | Note
-------+----------+-------------------------------------------
     0 | Abyss:1  | Gwenloh the Palentonga Abyssal Knight began the quest for
                  | the Orb.
     0 | Abyss:1  | Reached XP level 1. HP: 19/19 MP: 2/2
     7 | Abyss:1  | Found a corrupted altar of Lugonu.
   185 | D:1      | Escaped the Abyss
   185 | D:1      | You fall into a shaft and drop 1 floor!
   187 | D:2      | Reached XP level 2. HP: 25/25 MP: 3/3
   493 | D:2      | Reached XP level 3. HP: 31/31 MP: 5/5
   919 | D:1      | Noticed a golden eye
   921 | D:1      | Noticed a golden eye
   923 | D:1      | Found a faded altar of an unknown god.
   924 | D:1      | Noticed a floating eye
   924 | D:1      | Noticed a golden eye
  1115 | D:1      | Reached *** piety under Lugonu
  1118 | D:1      | Reached skill level 3 in Invocations
  2272 | D:2      | Reached XP level 4. HP: 39/39 MP: 6/6
  2346 | D:3      | Noticed Terence
  2351 | D:3      | Killed Terence
  2525 | D:3      | Noticed Robin
  2758 | D:2      | Killed Robin
  3078 | D:3      | Noticed Sigmund
  3086 | D:3      | Killed Sigmund
  3087 | D:3      | Reached skill level 4 in Invocations
  3087 | D:3      | Reached XP level 5. HP: 46/46 MP: 4/8
  3087 | D:3      | Reached XP level 6. HP: 52/52 MP: 4/9
  3145 | D:3      | Noticed Pargi
  3162 | D:3      | Killed Pargi
  3756 | D:4      | Reached skill level 5 in Fighting
  3812 | D:4      | Reached skill level 5 in Invocations
  3812 | D:4      | Gained mutation: You curl defensively after being hit. (AC
                  | +7*) [Palentonga growth]
  3812 | D:4      | Reached XP level 7. HP: 50/59 MP: 10/10
  4126 | D:4      | Reached skill level 5 in Axes
  4129 | D:4      | Identified the +5 hunting sling "Vuguhafo" {vorpal, rElec
                  | rN+++ Dex-2 SInv}
  4165 | D:4      | Found the +2 ratskin cloak {*Rats rPois rN+ Str-1 Int-1
                  | Dex+1}
  4559 | D:5      | Entered Level 5 of the Dungeon
  4649 | D:5      | Found Leneakki's Assorted Antiques.
  4651 | D:5      | Reached skill level 6 in Invocations
  4653 | D:5      | Reached XP level 8. HP: 43/68 MP: 12/12
  5184 | D:5      | Identified the +9 flail of Pride {holy, +Blink rF- Str+4
                  | Dex+7}
  5212 | D:5      | Found a snail-covered altar of Cheibriados.
  5219 | D:5      | Found a staircase to the Ecumenical Temple.
  5245 | D:5      | Found Cadyega's Magic Scroll Shop.
  5253 | D:5      | Bought a scroll of identify for 22 gold pieces
  5253 | D:5      | Bought a scroll of identify for 22 gold pieces
  5253 | D:5      | Bought a scroll of enchant weapon for 82 gold pieces
  5405 | D:5      | Noticed an unseen horror
  5417 | D:5      | Killed an unseen horror
  5418 | D:5      | Reached skill level 7 in Invocations
  5820 | D:5      | Bought a scroll of identify for 42 gold pieces
  5883 | D:6      | Noticed Duvessa
  5884 | D:6      | Noticed Dowan
  5891 | D:6      | Killed Duvessa
  5901 | D:6      | Killed Dowan
  5902 | D:6      | Reached XP level 9. HP: 61/77 MP: 14/14
  6059 | D:6      | Noticed Blork the orc
  6063 | D:6      | Killed Blork the orc
  6206 | D:6      | Noticed a manticore
  6217 | D:6      | Killed a manticore
  6218 | D:6      | Reached skill level 8 in Invocations
  7087 | D:7      | Reached **** piety under Lugonu
  7528 | D:7      | Reached skill level 9 in Invocations
  7909 | D:8      | Noticed a centaur warrior
  7927 | D:8      | Killed a centaur warrior
  7928 | D:8      | Reached XP level 10. HP: 6/87 MP: 15/17
  8775 | D:8      | Noticed a gargoyle
  8783 | D:8      | Killed a gargoyle
  9136 | D:8      | Found a radiant altar of Vehumet.
  9161 | D:8      | Reached skill level 1 in Dodging
  9645 | D:9      | Noticed Erolcha
  9684 | D:9      | Noticed a manticore
  9830 | D:9      | Reached skill level 10 in Invocations
 10327 | D:9      | Noticed a five-headed hydra
 10337 | D:9      | Killed a five-headed hydra
 10535 | D:9      | Found Uxuapruh's Weapon Shoppe.
 10536 | D:9      | Found a staircase to the Orcish Mines.
 10537 | D:9      | Found Rumo's Armour Shoppe.
 10620 | D:9      | Killed a manticore
 10625 | D:9      | Noticed a six-headed hydra
 10630 | D:9      | Killed a six-headed hydra
 10631 | D:9      | Reached XP level 11. HP: 42/96 MP: 16/18
 10655 | D:9      | Killed from afar by a tengu conjurer

Illustrated notes

Levels and vault maps discovered:
D:1:      lemuel_arrival_lava_pool, layout_basic,
          hellmonk_ecumenical_altar_watching_god
D:2:      layout_rooms, minmay_tromino_i4
D:3:      layout_loops_ring, uniq_terence, uniq_pargi, uniq_sigmund, uniq_robin
D:4:      layout_loops_ring
D:5:      layout_rooms, kennysheep_mini, minmay_temple_entry_butterflies,
          serial_shops, nicolae_shop_waterfront, nicolae_inconvenience_store
D:6:      layout_basic, uniq_blork_the_orc, uniq_duvessa
D:7:      layout_loops_corners
D:8:      layout_gridville, vehumet_statue
D:9:      layout_gridville, orc_david_3, minivault_28, uniq_erolcha,
          uniq_maurice

Skill      XL: |  1  2  3  4  5  6  7  8  9 10 |
---------------+-------------------------------+-----
Invocations    | 3 4 5 6 7 9 10 | 10.5
Axes           | 3 4 5 7 8 9 |  9.7
Fighting       | 4 5 6 7 8 9 |  9.9
Dodging        | 3 |  3.0
Armour         | 3 |  3.3

Action                   |  1- 3 |  4- 6 |  7- 9 | 10-12 || total
-------------------------+-------+-------+-------+-------++-------
Melee: Hand axe          |   109 |    96 |    15 |       ||   220
       Tailslap          |    14 |    22 |    23 |    14 ||    73
       Punch             |     1 |     2 |     6 |       ||     9
       War axe           |       |       |   121 |       ||   121
       Flail             |       |       |     6 |    95 ||   101
 Fire: Hunting sling     |       |       |    51 |     8 ||    59
Throw: Dart              |       |     2 |     2 |       ||     4
       Stone             |       |       |     1 |       ||     1
Invok: Bend Space        |    20 |     6 |     2 |     4 ||    32
       Banish            |       |       |       |     1 ||     1
 Abil: Rolling Charge    |    37 |    22 |    28 |    18 ||   105
  Use: Scroll            |       |     1 |     9 |     3 ||    13
       Potion            |       |     1 |     2 |     1 ||     4
 Stab: Distracted        |       |       |     1 |       ||     1
Armor: Leather armour    |    25 |    31 |       |       ||    56
       Swamp dragon scal |       |    22 |   103 |    57 ||   182
Dodge: Dodged            |    39 |    38 |    71 |    59 ||   207

Table legend: (Time is in decaauts)
 A = Elapsed time spent in this place.
 B = Non-inter-level travel time spent in this place.
 C = Inter-level travel time spent in this place.
 D = Time resting spent in this place.
 E = Time spent auto-exploring this place.
 F = Levels seen in this place.
 G = Mean time per level.
                   A        B        C        D        E       F      G
               +--------+--------+--------+--------+--------+-----+--------+
         Total |  10757 |  10253 |    504 |   1386 |   7176 |  10 | 1075.7 |
       Dungeon |  10571 |  10067 |    504 |   1386 |   6998 |   9 | 1174.6 |
         Abyss |    186 |    186 |      0 |      0 |    178 |   1 |  186.0 |
               +--------+--------+--------+--------+--------+-----+--------+

Top non-repeatable levels by time:
     D:8: 1889 daAuts
     D:7: 1604 daAuts
     D:1: 1546 daAuts
     D:5: 1347 daAuts
     D:2: 982 daAuts
     D:6: 960 daAuts
     D:3: 955 daAuts
     D:4: 918 daAuts
     D:9: 367 daAuts
 Abyss:1: 186 daAuts
